 Dungeon Crawl Stone Soup version 0.23-a0-481-g60b89c1 (webtiles) character file.

45 nikopol the Firebug (level 3, -7/19 HPs)
             Began as a Deep Elf Fire Elementalist on Nov 29, 2018.
             Killed from afar by a white imp (9 damage)
             ... with a puff of frost
             ... summoned by Natasha
             ... on level 2 of the Dungeon.
             The game lasted 00:02:45 (1145 turns).

nikopol the Firebug (Deep Elf Fire Elementalist)    Turns: 1145, Time: 00:02:47

Health: -7/19      AC:  2    Str:  5    XL:     3   Next: 42%
Magic:  7/10       EV: 13    Int: 20    God:
Gold:   65         SH:  0    Dex: 15    Spells: 5/9 levels left

rFire    . . .     SeeInvis .   (no weapon)
rCold    . . .     Gourm    .   (no shield)
rNeg     . . .     Faith    .   a - +0 robe
rPois    .         Spirit   .   (no helmet)
rElec    .         Reflect  .   (no cloak)
rCorr    .         Harm     .   (no gloves)
MR       .....                  (no boots)
Stlth    ++........             (no amulet)
HPRegen  0.06/turn              (no ring)
MPRegen  0.12/turn              (no ring)

@: very slightly contaminated
A: no striking features
a: no special abilities


You were on level 2 of the Dungeon.
You were hungry.

You visited 1 branch of the dungeon, and saw 2 of its levels.

You collected 65 gold pieces.

Inventory:

Armour
 a - a +0 robe (worn)
Scrolls
 b - a scroll of identify {unknown}
 d - a scroll of noise {unknown}
 e - a scroll of immolation {unknown}
 g - 4 scrolls of remove curse {unknown}
 k - a scroll of blinking {unknown}
Potions
 f - a potion of lignification {unknown}
 h - 2 potions of curing {unknown}
 i - 2 potions of resistance {unknown}
Comestibles
 c - 4 rations
 j - a chunk of flesh


   Skills:
 + Level 2.7 Dodging
 + Level 2.7 Stealth
 + Level 3.7 Spellcasting
 + Level 1.4 Conjurations
 + Level 4.2 Fire Magic


You had 5 spell levels left.
You knew the following spells:

 Your Spells              Type           Power        Failure   Level  Hunger
a - Flame Tongue          Conj/Fire      ##...        4%          1    None
b - Throw Flame           Conj/Fire      ##....       6%          2    ##.....
c - Shock                 Conj/Air       #...         10%         1    None

Your spell library contained the following spells:

 Spells                   Type           Power        Failure   Level  Hunger
 Conjure Flame            Conj/Fire      ##......     13%         3    ###....
 Inner Flame              Hex/Fire       ##......     17%         3    ###....
 Swiftness                Chrm/Air       #.......     21%         2    ##.....
 Static Discharge         Conj/Air       #.......     30%         3    ###....
 Sticky Flame             Conj/Fire      ##......     38%         4    ####...
 Fireball                 Conj/Fire      ##........   75%         5    ######.
 Airstrike                Air            #.........   78%         4    ####...
 Lightning Bolt           Conj/Air       #.........   95%         5    ######.


Dungeon Overview and Level Annotations

Branches:
Dungeon (2/15)

Altars:

Annotations:
D:2 Natasha


Message History

Natasha hisses angrily.
You are feeling hungry.
Natasha stares at you and mumbles some strange words.
You resist with some effort.
You see here an adder corpse.
Casting: Flame Tongue (safe; 4% risk of failure)
Confirm with . or Enter, or press ? or * to list all spells.
You can't see any susceptible monsters within range! (Use Z to cast anyway.) Natasha mumbles some strange words.
Natasha's front paws start to glow.
Natasha mumbles some strange words.
The white imp gestures at you. The puff of frost hits you!
Ouch! That really hurt!
The white imp gestures at you. The puff of frost hits you!
* * * LOW HITPOINT WARNING * * *
Natasha casts a spell.
The white imp gestures at you. The puff of frost hits you!
You die...

#........#
#........#
#........#
#†.......####
#...........
#..<......#
#........##
#........# .#
#.....@..# .#
#........#######.#
#######...#......#
.... ###.#......#
.... #..†.....#
.!.. ###.5....#
.... ###h#### ....
#....# ...r ####.#
#...


You could see Natasha and a white imp.

Vanquished Creatures
  An adder (D:2)
  An ooze (D:2)
  2 dart slugs (D:1)
  A leopard gecko (D:1)
  A ball python (D:1)
  A giant cockroach (D:1)
  A goblin (D:1)
  5 hobgoblins
  2 jackals (D:1)
  3 kobolds
  3 bats (D:1)
  A frilled lizard (D:2)
  5 rats
27 creatures vanquished.

Notes
Turn   | Place    | Note
-------+----------+-------------------------------------------
     0 | D:1      | nikopol the Deep Elf Fire Elementalist began the quest for
                  | the Orb.
     0 | D:1      | Reached XP level 1. HP: 10/10 MP: 6/6
   386 | D:1      | Reached XP level 2. HP: 15/15 MP: 1/8
   659 | D:1      | Reached skill level 4 in Fire Magic
  1013 | D:2      | Reached XP level 3. HP: 19/19 MP: 6/10
  1017 | D:2      | Learned a level 2 spell: Throw Flame
  1019 | D:2      | Learned a level 1 spell: Shock
  1079 | D:2      | Noticed Natasha
  1145 | D:2      | Killed from afar by a white imp

Vault maps used:
D:1:      lemuel_arrival_tunnels, dk_noncrumbling_2
D:2:      kennysheep_big_flooded_room, okawaru_altar_gauntlet_db,
          nicolae_qazlal_eye_of_the_storm, uniq_sigmund, uniq_natasha

Skill      XL: |  1  2 |
---------------+-------+-----
Fire Magic     | 4 |  4.2
Dodging        | |  2.7
Stealth        | |  2.7
Spellcasting   | |  3.7
Conjurations   | |  1.4

Action                   || total
-------------------------++-------
 Cast: Flame Tongue      ||    53
Armor: Robe              ||     2
Dodge: Dodged            ||    19

Table legend:
 A = Non-vault XP
 B = Vault XP
 C = Vault XP percentage of total XP
 D = Non-vault monster count
 E = Vault monster count
 F = Vault count percentage of total count
                 A         B        C        D         E       F
            +---------+---------+-------+---------+---------+-------
      Total |      62 |       3 |   4.6 |      25 |       2 |   7.4
            +---------+---------+-------+---------+---------+-------
        D:1 |      38 |       0 |   0.0 |      19 |       0 |   0.0
        D:2 |      24 |       3 |  11.1 |       6 |       2 |  25.0
            +---------+---------+-------+---------+---------+-------
